 Dungeon Crawl Stone Soup version 0.29.0-11-gd7f09526c8 (webtiles) character file.

Game seed: 2111741024767778946

5665 ImASeal the Cleaver (level 10, -5/98 HPs)
             Began as a Troll Fighter on Sept 6, 2022.
             Was a Follower of Okawaru.
             Slain by a two-headed ogre
             ... wielding a +0 giant spiked club
              (29 damage)
             ... on level 9 of the Dungeon.
             The game lasted 00:30:49 (7586 turns).

ImASeal the Cleaver (Troll Fighter)                 Turns: 7586, Time: 00:30:50

Health: -5/98      AC:  8    Str: 36    XL:     10   Next: 47%
Magic:  9/9        EV: 10    Int:  4    God:    Okawaru [*.....]
Gold:   563        SH:  0    Dex:  9    Spells: 9/9 levels left

rFire   . . .      SeeInvis .   M - +1 battleaxe
rCold   . . .      Faith    .   (shield currently unavailable)
rNeg    . . .      Spirit   .   G - +0 troll leather armour
rPois   .          Reflect  .   x - +2 hat
rElec   .          Harm     .   (no cloak)
rCorr   .          Rampage  .   (gloves unavailable)
Will    .....                   (boots unavailable)
Stlth   +.........              (no amulet)
HPRegen 1.86/turn               B - +6 ring of strength
MPRegen 0.11/turn               y - +4 ring of slaying

@: no status effects
A: large, unfitting armour, claws 3, regeneration 1, shaggy fur 1, tough skin 1
a: Renounce Religion, Heroism


You were on level 9 of the Dungeon.
You worshipped Okawaru.
Okawaru was aware of your devotion.
You visited 2 branches of the dungeon, and saw 10 of its levels.

You collected 563 gold pieces.

Inventory:

Hand Weapons
 a - a +0 war axe
 d - a +6 long sword of flaming
 K - a +4 trident of venom
 L - a +4 halberd
 M - a +1 battleaxe (weapon)
Missiles
 t - 9 stones
 D - 34 poisoned darts (quivered)
 E - 2 throwing nets
Armour
 b - a +0 robe
 c - a +0 kite shield
 p - +0 steam dragon scales
 x - a +2 hat (worn)
 G - a +0 troll leather armour (worn)
Jewellery
 g - an amulet of faith
 n - a ring of fire
 v - a +4 ring of evasion
 y - a +4 ring of slaying (right claw)
 B - a +6 ring of strength (left claw)
Wands
 r - a wand of digging (2)
 u - a wand of flame (28)
 I - a wand of paralysis (14)
Scrolls
 e - 2 scrolls of identify
 f - 2 scrolls of fear
 i - 4 scrolls of teleportation
 k - 3 scrolls of enchant weapon {unknown}
 q - a scroll of blinking {unknown}
 F - a scroll of noise {unknown}
 J - a scroll of poison {unknown}
 N - a scroll of vulnerability {unknown}
Potions
 h - a potion of curing
 j - 4 potions of attraction
 l - a potion of heal wounds
 m - 4 potions of lignification
 o - 3 potions of haste {unknown}
 s - 2 potions of ambrosia {unknown}
 w - 2 potions of mutation {unknown}
 z - a potion of berserk rage {unknown}
 A - a potion of brilliance {unknown}
 C - a potion of magic {unknown}
Miscellaneous
 H - a condenser vane


   Skills:
 + Level 6.0 Fighting
 + Level 10.2 Axes
 + Level 3.6 Throwing
 + Level 2.3 Armour
 - Level 2.6 Dodging
 + Level 5.8 Shields


You had 9 spell levels left.
You didn't know any spells.
Your spell library contained the following spells:

 Spells                   Type           Power      Damage    Failure   Level
 Sandblast                Erth           0%         2d4       52%         1
 Sting                    Tmut/Pois      0%         1d3       52%         1
 Passwall                 Tmut/Erth      0%         N/A       67%         2
 Poisonous Vapours        Pois/Air       0%         N/A       67%         2
 Stone Arrow              Conj/Erth      0%         3d7       88%         3
 Olgreb's Toxic Radiance  Pois           0%         N/A       99%         4


Dungeon Overview and Level Annotations

Branches:
Dungeon (9/15)             Temple (1/1) D:7
   Lair: D:8-11         Orc: D:9-12

Altars:
Cheibriados
Dithmenos
Fedhas
Gozag
Hepliaklqana
Kikubaaqudgha
Makhleb
Nemelex Xobeh
Okawaru
Qazlal
Ru
Sif Muna
Trog
Uskayaw
Wu Jian
Xom
Yredelemnul
The Shining One

Shops:
D:4 [

Annotations:
D:9 3 runed translucent doors


Innate Abilities, Weirdness & Mutations

You are too large for most types of armour.
You have claws for hands.
Your natural rate of healing is unusually fast.
You are covered in fur. (AC +1)
You have tough skin. (AC +1)


Message History

a +0 spear; a gnoll corpse
Things that are here:
a +0 trident; a +0 scale mail
Items here: )) ††.
Okay, then.
Things that are here:
a +0 spear; a gnoll corpse You open the door.
You open the door.
There is an open door here.
You now have 563 gold pieces (gained 8).
A two-headed ogre is nearby!
You throw a poisoned dart.
The poisoned dart hits the two-headed ogre!
The two-headed ogre is poisoned.
The two-headed ogre shouts in stereo!
You throw a poisoned dart.
The poisoned dart hits the two-headed ogre.
The two-headed ogre looks even sicker.
You throw a poisoned dart.
The poisoned dart barely misses the two-headed ogre.
You throw a poisoned dart.
The poisoned dart hits the two-headed ogre.
The two-headed ogre looks as sick as possible!
The two-headed ogre is lightly wounded.
You throw a poisoned dart.
The poisoned dart hits the two-headed ogre.
The two-headed ogre looks as sick as possible!
The two-headed ogre is lightly wounded.
You throw a poisoned dart.
The poisoned dart barely misses the two-headed ogre.
You throw a poisoned dart.
The poisoned dart barely misses the two-headed ogre.
The two-headed ogre hits you with a +0 giant spiked club!! x2
You barely miss the two-headed ogre.
The two-headed ogre is moderately wounded.
The two-headed ogre hits you with a +0 giant spiked club!!
* * * LOW HITPOINT WARNING * * *
The two-headed ogre hits you with a +0 giant spiked club!!
You die...

...##.....## ### #..........
.(( #..... ###(# #.#### $.(#
#.# #.(. ##'## #..# ##)).##
##.. #.O##### ##..)..##
........ #.@....# ##.......#
...##..# ##.....###.........
......# #..<....'.........
..##..#._.#.....###.........
#.##..#...#...#.# ##.......#
# #.##..##.##.#.#.#
##.....##
#.##.##...#.#......# ##...##
#.......#.#.#.##.### ##'##
####.####.#.#.##.# #.# ##


You could see a two-headed ogre (very poisoned).

Vanquished Creatures
  Pikel (D:7)
  Maggie (D:6)
  A troll (D:6)
  Grinder (D:4)
  Sigmund (D:3)
  4 wyverns
  Edmund (D:5)
  3 black bears
  4 ice beasts
  A sky beast (D:8)
  An ogre (D:6)
  3 centaurs
  2 lemures (D:7)
  3 kobold brigands
  A necrophage (D:4)
  2 gnoll sergeants
  2 bullfrogs
  2 scorpions
  8 wights
  6 killer bees (D:8)
  2 howler monkeys (D:8)
  A jelly (D:5)
  6 orc priests
  3 hounds
  4 gnoll boudas
  5 iguanas
  4 orc wizards
  29 gnolls
  11 adders
  3 shadow imps
  4 white imps
  3 worms
  2 dart slugs
  27 orcs
  6 endoplasms
  2 giant cockroaches
  11 goblins
  5 hobgoblins
  3 jackals (D:1)
  23 kobolds
  3 quokkas
  10 ball pythons
  3 bats (D:2)
  2 frilled lizards
  5 rats
225 creatures vanquished.

Notes
Turn   | Place    | Note
-------+----------+-------------------------------------------
     0 | D:1      | ImASeal the Troll Fighter began the quest for the Orb.
     0 | D:1      | Reached XP level 1. HP: 22/22 MP: 0/0
   255 | D:1      | Reached XP level 2. HP: 27/29 MP: 1/1
   774 | D:2      | Reached skill level 2 in Axes
   791 | D:2      | Found a glowing golden altar of the Shining One.
   890 | D:2      | Reached XP level 3. HP: 36/36 MP: 2/2
  1469 | D:3      | Reached skill level 3 in Axes
  1469 | D:3      | Reached XP level 4. HP: 30/44 MP: 3/3
  1796 | D:3      | Noticed a black bear
  1804 | D:3      | Killed a black bear
  1805 | D:3      | Reached XP level 5. HP: 26/53 MP: 4/4
  1926 | D:3      | Found a bloodstained altar of Trog.
  2102 | D:3      | Noticed Sigmund
  2139 | D:3      | Killed Sigmund
  2140 | D:3      | Reached skill level 4 in Axes
  2140 | D:3      | Reached skill level 1 in Throwing
  2140 | D:3      | Reached XP level 6. HP: 39/61 MP: 5/5
  2626 | D:4      | Reached skill level 5 in Axes
  2626 | D:4      | Reached XP level 7. HP: 68/68 MP: 6/6
  2777 | D:4      | Noticed Grinder
  2792 | D:4      | Killed Grinder
  3058 | D:4      | Identified the +1 leather armour of the Cockroach {*Slow
                  | rN+ Dex+4}
  3099 | D:4      | Found Jutuup's Antique Armour Emporium.
  3205 | D:5      | Entered Level 5 of the Dungeon
  3240 | D:5      | Noticed a +0 hand axe
  3242 | D:5      | Found a hide-covered altar of Uskayaw.
  3242 | D:5      | Noticed a +0 hand axe
  3414 | D:5      | Reached skill level 6 in Axes
  3450 | D:5      | Reached XP level 8. HP: 61/78 MP: 7/7
  3472 | D:5      | Found a snail-covered altar of Cheibriados.
  3557 | D:5      | Noticed Edmund
  3574 | D:5      | Killed Edmund
  3818 | D:6      | Found a shimmering blue altar of Sif Muna.
  3919 | D:6      | Reached skill level 7 in Axes
  4109 | D:6      | Reached skill level 5 in Shields
  4136 | D:6      | Noticed Maggie
  4163 | D:6      | Killed Maggie
  4164 | D:6      | Reached XP level 9. HP: 10/87 MP: 8/8
  4298 | D:6      | Noticed a troll
  4307 | D:6      | Reached skill level 8 in Axes
  4316 | D:6      | Reached skill level 5 in Fighting
  4408 | D:6      | Found a shadowy altar of Dithmenos.
  4518 | D:6      | Killed a troll
  5117 | D:7      | Reached skill level 9 in Axes
  5282 | D:7      | HP: 4/88 [poisoned by a gnoll sergeant]
  5287 | D:7      | HP: 4/88 [poisoned by a gnoll sergeant]
  5376 | D:7      | Found a staircase to the Ecumenical Temple.
  5421 | D:7      | Reached skill level 1 in Armour
  5473 | Temple   | Entered the Ecumenical Temple
  5596 | Temple   | Became a worshipper of Warmaster Okawaru
  5749 | D:7      | Reached XP level 10. HP: 86/93 MP: 9/9
  5782 | D:7      | Noticed Pikel
  5791 | D:7      | Killed Pikel
  6232 | D:8      | Found a hazy altar of Hepliaklqana.
  6435 | D:8      | Reached * piety under Okawaru
  6999 | D:8      | Reached skill level 10 in Axes
  7415 | D:9      | Found a shimmering altar of Xom.
  7425 | D:9      | Noticed a two-headed ogre
  7507 | D:9      | Found a runed translucent gate.
  7507 | D:9      | Found a runed translucent gate.
  7508 | D:9      | Found a runed translucent gate.
  7509 | D:9      | Noticed a black mamba
  7509 | D:9      | Noticed a black mamba
  7510 | D:9      | Noticed a wolf spider
  7586 | D:9      | Slain by a two-headed ogre

Illustrated notes

Levels and vault maps discovered:
D:1:      wheals_arrival_shading, layout_loops_ring, minmay_tromino_v4_c
D:2:      layout_loops_ring, basic_altar, minmay_stone_trees_small,
          feat_on_display
D:3:      minmay_recursive_quarters, layout_basic, general_overflow_altar,
          roderic_filled_cross, kennysheep_cross_room, kennysheep_flooded_box,
          uniq_sigmund
D:4:      layout_loops_cross, serial_shops, kennysheep_little_box, minivault_25,
          minmay_a_box_with_orc_wizards_in_it, uniq_grinder
D:5:      layout_rooms, dancing_weapons_uskayaw, kennysheep_mini_moat,
          kennysheep_small_square, uniq_edmund
D:6:      minmay_clustersquares, layout_rooms, nicolae_sif_muna_condensation,
          kennysheep_mini, uniq_maggie
D:7:      layout_cave_pods, minmay_temple_entry_poolview, uniq_pikel
D:8:      layout_layer_cave, mainiacjoe_overflow_small_starburst
D:9:      layout_loops_corners, mainiacjoe_overflow_surrounded_room,
          gammafunk_ghost_arena, minmay_guarded_unrand_staff_of_olgreb
Temple:   compressed_dpeg_circular_temple

Skill      XL: |  1  2  3  4  5  6  7  8  9 10 |
---------------+-------------------------------+-----
Shields        | 3 4 5 |  5.8
Axes           | 2 3 4 5 6 7 9 10 | 10.2
Fighting       | 3 4 5 6 |  6.0
Throwing       | 1 2 3 |  3.6
Armour         | 1 2 |  2.3
Dodging        | |  2.6

Action                   |  1- 3 |  4- 6 |  7- 9 | 10-12 || total
-------------------------+-------+-------+-------+-------++-------
Melee: War axe           |   106 |   111 |   330 |       ||   547
       Battleaxe         |       |       |    11 |    98 ||   109
Throw: Stone             |    24 |       |    20 |    36 ||    80
       Dart              |       |     5 |    21 |     7 ||    33
  Use: Potion            |     1 |       |     5 |       ||     6
       Scroll            |       |       |     5 |     1 ||     6
Armor: Robe              |    49 |    44 |    57 |       ||   150
       Steam dragon scal |       |       |    31 |       ||    31
       Troll leather arm |       |       |    16 |    48 ||    64
Dodge: Dodged            |    59 |    47 |   191 |    89 ||   386
Block: Kite shield       |    56 |    44 |   154 |       ||   254
